cohdb
Replays
Latest Replays
All Replays
Popular Replays
Top Player Replays
Match Explorer
How It Works
Community
CoH3 Stats
Reddit
Sign in to upload your games and track your stats! →
Sign in with Steam
Match 27519672
Unlisted
Match 27519672
Overview
Messages
Build Orders
End
Construct Infanterie Kompanie
Kettenkrad Recon Vehicle
MG 42 Machine Gun Team
Grenadier Squad
GrW 34 Mortar Team
Infanterie Officer Quarters
GrW 34 Mortar Team
Medical Station
Construct Panzergrenadier Kompanie
Medical Bunker
251 Medium Carrier
Selects Mechanized Battlegroup
Selects Raid Package
Selects 8 Rad Armored Car
8 Rad Armored Car
Pioneer Squad
Grenadier Squad
Construct Panzer Kompanie
Selects Spotting Scopes
Selects Wespe Self-propelled Artillery
Selects UNKNOWN (2160084)
Wespe Self-propelled Artillery
Pak 40 Anti-tank Gun Team
Panther Heavy Tank
Selects Zeroing Artillery Barrage
Grenadier Squad
Grenadier Squad
Panther Heavy Tank
Selects Zeroing Artillery Barrage
Pete
byza
MMMMMMMMMMMM
Kedum
BlueComp[A]ny
julee613
0
0
Comments
sign in to comment!
No comments posted yet!